 Zot Defence DCSS version 0.15.2 (webtiles) character file.

205 namelastname112 the Skirmisher (level 5, -1/47 HPs)
             Began as a Draconian Berserker on May 21, 2016.
             Was a Follower of Trog.
             Slain by a worm (8 damage)
             ... in the Realm of Zot (Scenario V: Glassed Sandwich).
             The game lasted 00:00:58 (301 turns).

namelastname112 the Skirmisher (Draconian Berserker) Turns: 301, Time: 00:00:59

HP  -1/47        AC  5     Str 20      XL: 5   Next: 53%
MP   5/5         EV 13     Int  7      God: Trog [*.....]
Gold 0           SH  0     Dex 11      Spells:  0 memorised,  4 levels left

rFire  . . .     SeeInvis .     a - +0 hand axe
rCold  . . .     Clarity  .     (armour unavailable)
rNeg   . . .     rCorr    .     (no shield)
rPois  .         rRot     .     (helmet restricted)
rElec  .         Spirit   .     (no cloak)
SustAb .         Warding  .     (no gloves)
rMut   .         Stasis   .     (no boots)
Gourm  .                        (no amulet)
MR     .....                    (no ring)
                                (no ring)

@: exhausted, slowed, very slow, not resistant to hostile enchantments, very
unstealthy
A: unfitting armour, cold-blooded, AC +5
a: Make oklob sapling, Make arrow trap, Make plant, Remove Curse, Make burning
bush, Burn Spellbooks, Berserk, Renounce Religion


You were in the Realm of Zot.
You worshipped Trog.
Trog was aware of your devotion.
You were not hungry.

You visited 1 branch

Inventory:

Hand weapons
 a - a +0 hand axe (weapon)
Comestibles
 d - a bread ration
Scrolls
 i - a scroll of blinking
Potions
 c - 3 potions of curing
 e - a potion of heal wounds
 f - a potion of haste
 g - 2 potions of magic
 h - a potion of berserk rage


   Skills:
 + Level 4.6 Fighting
 + Level 4.1 Axes
 + Level 4.2 Dodging


You had 4 spell levels left.
You didn't know any spells.

Dungeon Overview and Level Annotations

Branches:
    Zot (1/1)

Altars:


Innate Abilities, Weirdness & Mutations

Your plain brown scales are hard (AC +5).
Your body does not fit into most forms of armour.
Your cold-blooded metabolism reacts poorly to cold.


Message History

A worm comes into view.
Your oklob sapling spits acid at the worm.
The splash of acid hits the worm.
You barely miss the worm.
The worm is lightly wounded.
The worm closely misses you.
You hit the worm. You tail-slap the worm.
The worm is moderately wounded.
The worm barely misses you.
You sense that a powerful threat has arrived.
You hit the worm but do no damage. You hit the worm. You tail-slap the worm.
The worm is heavily wounded.
The worm closely misses you. The worm bites you.
* * * LOW HITPOINT WARNING * * *
You slash the worm!
The worm is severely wounded.
You hit the worm.
The worm is lightly wounded.
The worm bites you!
You die...

▓▓▓▓▓▓▓▓▓▓▓▓▓▓▓▓▓▓▓▓▓▓▓▓▓▓▓▓▓▓▓▓▓
.................................
..............▓▓)▓▓..............
.............▓▓...▓▓.............
............▓▓.....▓▓............
...........▓▓...%...▓▓...........
..........▓▓.........▓▓..........
▓▓▓▓▓▓▓▓▓▓▓....%w%....▓▓▓▓▓▓▓▓▓▓▓
∆∆∆∆∆∆∆▓▓▓▓▓▓▓▓.@.▓▓▓▓▓▓▓▓▓∆∆∆∆∆∆
▓▓▓▓▓▓▓▓▓▓▓.....w.P...▓▓▓▓▓▓▓▓▓▓▓
..........▓▓.........▓▓..........
...........▓▓.......▓▓...........
............▓▓.....▓▓............
.............▓▓...▓▓.............
..............▓▓.▓▓..............
.................................
▓▓▓▓▓▓▓▓▓▓▓▓▓▓▓▓▓▓▓▓▓▓▓▓▓▓▓▓▓▓▓▓▓


You could see 2 worms and a friendly oklob sapling.

Vanquished Creatures
  An ice beast (Zot)
  A goblin (Zot)
  A bat (Zot)
  A giant cockroach (Zot)
  3 giant newts (Zot)
  A kobold (Zot)
8 creatures vanquished.

Vanquished Creatures (collateral kills)
  A bat (Zot)
  A giant newt (Zot)
  A kobold (Zot)
3 creatures vanquished.

Grand Total: 11 creatures vanquished

Notes
Turn   | Place    | Note
--------------------------------------------------------------
     0 | Zot      | namelastname112, the Draconian Berserker, began the quest for the Orb.
     0 | Zot      | Reached XP level 1. HP: 19/19 MP: 1/1
   246 | Zot      | Reached XP level 2. HP: 23/26 MP: 2/2
   264 | Zot      | Noticed Thruph Rioch
   279 | Zot      | Killed Thruph Rioch the ice beast
   279 | Zot      | Reached skill level 4 in Fighting
   279 | Zot      | Reached XP level 3. HP: 9/34 MP: 3/3
   279 | Zot      | Reached XP level 4. HP: 10/41 MP: 4/4
   279 | Zot      | Reached XP level 5. HP: 11/47 MP: 5/5
   301 | Zot      | Slain by a worm

Action                   |  1- 3 |  4- 6 || total
-------------------------+-------+-------++-------
Melee: Hand axe          |    18 |     4 ||    22
Invok: Berserk           |     1 |       ||     1
 Abil: Make oklob saplin |     1 |       ||     1
